 Dungeon Crawl Stone Soup version 0.16.1-18-g436b03c (webtiles) character file.

45 masdan the Magician (level 3, -2/19 HPs)
             Began as a Deep Elf Fire Elementalist on Apr 27, 2015.
             Slain by a gnoll
             ... wielding a +0 halberd
              (7 damage)
             ... on level 2 of the Dungeon.
             The game lasted 00:11:07 (1815 turns).

masdan the Magician (Deep Elf Fire Elementalist)    Turns: 1815, Time: 00:11:07

Health: -2/19      AC:  2    Str:  5    XL:     3   Next: 42%
Magic:  2/11       EV: 13    Int: 20    God:
Gold:   105        SH:  0    Dex: 15    Spells: 3 memorised, 3 levels left

rFire  . . .     SeeInvis .     (no weapon)
rCold  . . .     Clarity  .     a - +0 robe
rNeg   . . .     SustAb   .     (no shield)
rPois  .         Gourm    .     (no helmet)
rElec  .         Spirit   .     (no cloak)
rCorr  .         Warding  .     (no gloves)
rMut   .         Stasis   .     (no boots)
MR     .....                    (no amulet)
Stlth  ++........               (no ring)
                                (no ring)

@: not resistant to hostile enchantments, unstealthy
A: no striking features
a: no special abilities


You were on level 2 of the Dungeon.
You were not hungry.

You visited 1 branch of the dungeon, and saw 2 of its levels.

You collected 105 gold pieces.

Inventory:

Hand weapons
 m - a +0 hand axe
 n - a +0 dagger
 r - a +2 dagger of pain
Missiles
 l - 19 stones (quivered)
Armour
 a - a +0 robe (worn)
 j - a +0 robe
 p - a +0 helmet
Scrolls
 d - 4 scrolls of identify {unknown}
 f - 3 scrolls of enchant armour {unknown}
 i - 2 scrolls of remove curse {unknown}
 o - a scroll of amnesia {unknown}
Potions
 e - a potion of agility {unknown}
 k - a potion of curing {unknown}
Books
 b - a book of Flames

   Spells                             Type                      Level
   a - Flame Tongue                   Conjuration/Fire             1
   b - Throw Flame                    Conjuration/Fire             2
   c - Conjure Flame                  Conjuration/Fire             3
   d - Inner Flame                    Hexes/Fire                   3
   e - Sticky Flame                   Conjuration/Fire             4
   f - Fireball                       Conjuration/Fire             5
Comestibles
 c - a bread ration
 g - a meat ration
 h - a royal jelly
 q - 2 chunks of flesh


   Skills:
 - Level 2.4 Dodging
 - Level 2.5 Stealth
 - Level 3.8 Spellcasting
 * Level 2.6 Conjurations
 - Level 3.6 Fire Magic


You had 3 spell levels left.
You knew the following spells:

 Your Spells              Type           Power        Failure   Level  Hunger
a - Flame Tongue          Conj/Fire      ###..        3%          1    None
b - Throw Flame           Conj/Fire      ###...       6%          2    ##.....
c - Conjure Flame         Conj/Fire      ###.....     12%         3    ###....


Dungeon Overview and Level Annotations

Branches:
Dungeon (2/15)

Altars:


Message History

Press: ? - help, Shift-Dir - straight line, f/p - gnoll
Aim: a gnoll, wielding a halberd (heavily wounded)
The flame tongue hits the gnoll.
The gnoll appears unharmed.
The gnoll is heavily wounded.
The gnoll hits you from afar with a halberd!
Ouch! That really hurt!
* * * LOW HITPOINT WARNING * * *
You start resting.
There is an open door here.
There is an open door here.
You close the door.
A gnoll opens the door.
As you close the door, it creaks loudly!
You start resting.
A gnoll opens the door.
It is wielding a halberd.
There is an open door here.
Casting: Flame Tongue
Confirm with . or Enter, or press ? or * to list all spells.
You don't have enough magic to cast that spell.
The gnoll hits you from afar with a halberd!
You die...

#.....##.........##
#.....##..........##
#.....##...........##
#.....##.........<..#
#.....###............#
......................#
#####################.#
... ..................#
#.####.####.####@####
#.#..'.'.)#.#..'.'..#
#.#[.#.#..#.#.g#.#..#
#.#'##.#'##.#'##.#+##.
.......รท..)...g.......
#)#'##.#+##.#'##.#+##.
#.#..#.# #.#..#(#
'.'.?#.# +.+..#.#
#.####.####.####.#


You could see a gnoll.

Vanquished Creatures
  2 adders (D:2)
  3 oozes
  3 giant cockroaches
  2 hobgoblins
  A bat (D:2)
  2 giant newts
  5 goblins
  A jackal (D:1)
  3 kobolds
  5 rats
27 creatures vanquished.

Notes
Turn   | Place    | Note
--------------------------------------------------------------
     0 | D:1      | masdan, the Deep Elf Fire Elementalist, began the quest for the Orb.
     0 | D:1      | Reached XP level 1. HP: 10/10 MP: 5/5
   628 | D:1      | Reached XP level 2. HP: 15/15 MP: 3/8
   674 | D:1      | Learned a level 2 spell: Throw Flame
  1436 | D:2      | Reached XP level 3. HP: 19/19 MP: 6/11
  1458 | D:2      | Learned a level 3 spell: Conjure Flame
  1815 | D:2      | Slain by a gnoll

Action                   || total
-------------------------++-------
Melee: Unarmed           ||    17
Throw: Stone             ||     1
 Cast: Flame Tongue      ||    42
       Throw Flame       ||    17
       Conjure Flame     ||     4
  Eat: Chunk             ||     2
       Bread ration      ||     1
